 Dungeon Crawl Stone Soup version 0.30-a0-1018-g25214051b3 (webtiles) character file.

Game seed: 9077865505677715628

1820 BlueFish the Sneak (level 9, -4/58 HPs)
             Began as an Octopode Warper on Apr 7, 2023.
             Was an Initiate of Cheibriados.
             Killed by divine providence
             ... invoked by an orc priest
              (12 damage)
             ... on level 7 of the Dungeon.
             The game lasted 00:12:14 (6927 turns).

BlueFish the Sneak (Octopode Warper)                Turns: 6927, Time: 00:12:15

Health: -4/58      AC:  1    Str: 15    XL:     9   Next: 10%
Magic:  11/14      EV: 14    Int: 20    God:    Cheibriados [......]
Gold:   449        SH:  0    Dex: 12    Spells: 1/15 levels left

rFire   + . .      SeeInvis .    m - +9 dagger of Greed {heavy, Int+3}
rCold   . . .      Faith    .    (no shield)
rNeg    . . .      Spirit   .    (helmet restricted)
rPois   .          Reflect  .    k - amulet of regeneration
rElec   .          Rampage  .    h - ring of willpower
rCorr   .                        t - ring of protection from fire
Will    +....                    (no ring)
Stlth   ++++                     (no ring)
HPRegen 1.09/turn                (no ring)
MPRegen 0.14/turn                (no ring)
                                 (no ring)
                                 (no ring)

@: about to teleport, on blink cooldown, very slow
A: almost no armour, amphibious, 8 rings, camouflage 1, gelatinous body 1,
(nimble swimmer 1), tentacles
a: Renounce Religion


You were on level 7 of the Dungeon.
You worshipped Cheibriados.
Cheibriados was noncommittal.
You visited 2 branches of the dungeon, and saw 8 of its levels.

You collected 449 gold pieces.

Inventory:

Hand Weapons
 m - the +9 dagger of Greed (weapon) {heavy, Int+3}
   (You found it on level 3 of the Dungeon)

   Int:       It affects your intelligence (+3).
Missiles
 b - 7 boomerangs of dispersal
 g - 37 stones (quivered)
 n - 3 boomerangs
 p - 6 poisoned darts
Jewellery
 h - a ring of willpower (left tentacle)
 k - an amulet of regeneration (around mantle)
 t - a ring of protection from fire (right tentacle)
Wands
 i - a wand of flame (3)
 y - a wand of polymorph (15)
Scrolls
 a - 2 scrolls of blinking
 d - a scroll of poison
 e - 2 scrolls of fog
 f - 3 scrolls of teleportation
 o - 2 scrolls of magic mapping {unknown}
 q - a scroll of vulnerability {unknown}
 u - 3 scrolls of identify
 v - a scroll of fear {unknown}
 w - a scroll of torment {unknown}
Potions
 c - a potion of flight
 j - 3 potions of curing
 l - a potion of ambrosia
 r - 2 potions of might
 s - a potion of invisibility
 x - a potion of berserk rage {unknown}


   Skills:
 + Level 3.9 Fighting
 + Level 3.4 Throwing
 + Level 4.2 Dodging
 * Level 7.3 Stealth
 + Level 3.9 Unarmed Combat
 + Level 3.8 Spellcasting
 + Level 4.5 Translocations
 + Level 2.5 Transmutations
 * Level 3.3 Poison Magic
 + Level 1.0 Invocations
 + Level 3.0 Evocations


You had one spell level left.
You knew the following spells:

 Your Spells              Type           Power      Damage    Failure   Level
a - Blink                 Tloc           44%        N/A       3%          2
b - Lesser Beckoning      Tloc           44%        N/A       3%          2
c - Teleport Other        Tloc           22%        N/A       6%          3
d - Wereblood             Tmut           13%        N/A       7%          2
e - Spider Form           Tmut/Pois      15%        N/A       12%         3
f - Momentum Strike       Conj/Tloc      26%        3d8       8%          2

Your spell library contained the following spells:

 Spells                   Type           Power      Damage    Failure   Level
 Beastly Appendage        Tmut           26%        N/A       4%          1
 Shock                    Conj/Air       12%        1d3       13%         1
 Vhi's Electric Charge    Tloc/Air       26%        N/A       16%         3
 Sublimation of Blood     Necr           3%         N/A       21%         2
 Manifold Assault         Tloc           22%        N/A       21%         4
 Swiftness                Air            3%         N/A       36%         3
 Airstrike                Air            1%         2d(1-17)  78%         4
 Storm Form               Tmut/Air       4%         N/A       100%        7
 Summon Hydra             Summ           1%         N/A       100%        7


Dungeon Overview and Level Annotations

Branches:
Dungeon (7/15)             Temple (1/1) D:6

Altars:
Ashenzari
Cheibriados
Dithmenos
Elyvilon
Gozag
Hepliaklqana
Kikubaaqudgha
Makhleb
Nemelex Xobeh
Okawaru
Qazlal
Ru
Sif Muna
Trog
Uskayaw
Vehumet
Xom
Yredelemnul
The Shining One

Shops:
D:5 *


Innate Abilities, Weirdness & Mutations

You cannot wear most types of armour.
You are amphibious.
You can wear up to eight rings at the same time.
Your skin changes colour to match your surroundings (Stealth+).
Your rubbery body absorbs attacks. (AC +1, EV +1)
((You are camouflaged when in or above water. (Stealth+)))
You have tentacles for arms and can constrict up to eight enemies at once.


Message History

The orc shouts!
You hear a shout!
The orc priest hits you with a +0 falchion!
You puncture the orc priest! Your grab misses the orc priest.
You tentacle-slap the orc priest.
The orc priest is severely wounded.
The orc priest completely misses you.
You hit the orc priest. You grab the orc priest.
The orc priest is almost dead.
You constrict the orc priest.
You kill the orc priest!
Cheibriados appreciates the change of pace.
The orc hits you with a +0 mace! The orc misses you.
You closely miss the orc priest. Your grab misses the orc priest.
You squeeze the orc priest.
The orc priest is lightly wounded.
The orc priest hits you with a +0 whip! The orc hits you with a +0 mace.
You puncture the orc priest! You grab the orc priest.
You squeeze the orc priest, but do no damage.
The orc priest is severely wounded.
You constrict the orc priest, but do no damage.
The orc priest closely misses you. The orc barely misses you.
The sleepcap releases spores at you.
You are engulfed in a cloud of soporific spores!
You fall asleep.
You lose your grip on the orc priest.
The orc priest mumbles some strange prayers to Beogh against you.
Beogh smites you!
You wake up.
The sleepcap releases spores at you!
* * * LOW HITPOINT WARNING * * *
The orc hits you with a +0 short sword.
* * * LOW HITPOINT WARNING * * *
The orc hits you with a +0 mace.
* * * LOW HITPOINT WARNING * * *
Casting: Lesser Beckoning (safe; 3% risk of failure)
Confirm with . or Enter, or press ? or * to list all spells.
You blink.
As you read the scroll of teleportation, it crumbles to dust.
You feel strangely unstable.
The orc priest mumbles some strange prayers to Beogh against you.
Beogh smites you!
You die...

.............#...#
.................. ##
.................. .#
...........o.....# ..#
...###......f..... ..#
....#......oo....#..#
.........$.#o....#.#
.##...#.#..#......#
....###.##......@#
##..# #.............#
###..#..#.#...........#
......#.#..........## .
.....##..........###
.......# .........##
#.. ... .........# ##.
.........# .#


You could see a sleepcap, an orc priest and 3 orcs.

Vanquished Creatures
  A water moccasin (D:6)
  A black bear (D:6)
  7 ogres
  2 phantoms
  A wight (D:6)
  2 jellies (D:6)
  4 hounds
  2 orc priests
  A sleepcap (D:5)
  7 iguanas
  Natasha (thrice) (D:2)
  2 orc wizards (D:4)
  Robin (D:2)
  4 adders
  9 gnolls
  A shadow imp (D:5)
  An ufetubus (D:6)
  A worm (D:4)
  2 dart slugs
  18 orcs
  4 bats
  8 endoplasms
  12 goblins
  9 hobgoblins
  9 jackals
  5 kobolds
  5 quokkas
  4 ball pythons
  2 frilled lizards (D:2)
  6 rats
134 creatures vanquished.

Notes
Turn   | Place    | Note
-------+----------+-------------------------------------------
     0 | D:1      | BlueFish the Octopode Warper began the quest for the Orb.
     0 | D:1      | Reached XP level 1. HP: 14/14 MP: 3/3
    67 | D:1      | Reached skill level 1 in Stealth
    67 | D:1      | Reached XP level 2. HP: 14/19 MP: 5/5
    70 | D:1      | Learned a level 2 spell: Blink
    73 | D:1      | Learned a level 2 spell: Lesser Beckoning
   387 | D:1      | Reached skill level 2 in Stealth
   528 | D:1      | Reached XP level 3. HP: 24/24 MP: 6/6
   621 | D:2      | Found a faded altar of an unknown god.
   645 | D:2      | Noticed Natasha
   651 | D:2      | Killed Natasha
   753 | D:2      | Noticed an ogre
   819 | D:2      | Noticed Natasha
   828 | D:2      | Killed Natasha
   829 | D:2      | Reached skill level 3 in Stealth
   829 | D:2      | Reached XP level 4. HP: 11/30 MP: 7/7
  1312 | D:2      | Noticed Natasha
  1329 | D:2      | Killed Natasha
  1330 | D:2      | Reached XP level 5. HP: 23/35 MP: 8/8
  1654 | D:2      | Identified the -2 helmet of Miburel {rPois rC- Will+
                  | Slay+2}
  1654 | D:2      | Noticed Robin
  1660 | D:2      | Killed Robin
  2301 | D:3      | Identified the +9 dagger of Greed {heavy, Int+3}
  2622 | D:3      | Learned a level 3 spell: Teleport Other
  2625 | D:3      | Learned a level 2 spell: Wereblood
  2959 | D:4      | Reached skill level 4 in Stealth
  2959 | D:4      | Reached XP level 6. HP: 41/41 MP: 9/9
  3162 | D:4      | Reached skill level 1 in Evocations
  3683 | D:4      | You fall into a shaft and drop 1 floor!
  3683 | D:5      | Entered Level 5 of the Dungeon
  3970 | D:4      | Reached skill level 1 in Transmutations
  3970 | D:4      | Reached XP level 7. HP: 46/46 MP: 11/11
  4249 | D:5      | Reached skill level 5 in Stealth
  4372 | D:5      | Found Gufy's Assorted Antiques.
  4562 | D:5      | Learned a level 3 spell: Spider Form
  4828 | D:5      | Reached XP level 8. HP: 38/52 MP: 12/12
  4879 | D:5      | Reached skill level 1 in Poison Magic
  4890 | D:5      | Reached skill level 6 in Stealth
  5496 | D:6      | Found a staircase to the Ecumenical Temple.
  5516 | Temple   | Entered the Ecumenical Temple
  5810 | Temple   | Became a worshipper of Cheibriados the Contemplative
  5996 | D:6      | Identified the +1 rapier of the Seeker {flame, rN+ Str-5
                  | Dex+2}
  6070 | D:6      | Found a shadowy altar of Dithmenos.
  6070 | D:6      | Found a burning altar of Makhleb.
  6178 | D:6      | Learned a level 2 spell: Momentum Strike
  6451 | D:6      | Reached skill level 7 in Stealth
  6672 | D:6      | Reached XP level 9. HP: 39/58 MP: 14/14
  6777 | D:6      | Reached skill level 1 in Invocations
  6927 | D:7      | Killed from afar by an orc priest

Illustrated notes

Levels and vault maps discovered:
D:1:      amcnicky_arrival_choice, layout_rooms
D:2:      layout_basic, ebering_ecumenical_altar_hall, roderic_lattice_a,
          hex_intersection, amcnicky_mini_rare_corridor_liquid, uniq_robin,
          uniq_natasha
D:3:      layout_basic, minmay_ruptured
D:4:      layout_basic, serial_corexii_hall, corexii_hall_statues_x,
          chequers_hall_statues_y, chequers_hall_statues_y,
          chequers_hall_statues_y
D:5:      layout_layer_cave, serial_shops, nicolae_lakefront_shop,
          chequers_arboretum, hangedman_decor_lopped
D:6:      layout_loops_corners, gammafunk_temple_overflow_elements,
          minmay_temple_entry_ruins, eino_small_chamber_without_monster,
          grunt_tough_drop
D:7:      layout_cave_pools
Temple:   minmay_temple_bridge_d

Skill      XL: |  1  2  3  4  5  6  7  8  9 |
---------------+----------------------------+-----
Stealth        | 1 2 3 4 5 7 |  7.3
Dodging        | 3 4 |  4.2
Throwing       | 2 3 |  3.4
Evocations     | 1 2 3 |  3.0
Fighting       | 3 |  3.9
Unarmed Combat | 3 |  3.9
Spellcasting   | 3 |  3.8
Transmutations | 1 2 |  2.5
Translocations | 4 |  4.5
Poison Magic   | 3 |  3.3
Invocations    | 1 |  1.0

Action                     |  1- 3 |  4- 6 |  7- 9 || total
---------------------------+-------+-------+-------++-------
  Melee: Unarmed           |    59 |    66 |       ||   125
         Constrict         |    14 |    24 |    23 ||    61
         Tentacles         |    11 |    23 |    18 ||    52
         Punch             |     1 |     3 |     5 ||     9
         Dagger            |       |    48 |   107 ||   155
  Throw: Dart              |       |     7 |    12 ||    19
         Boomerang         |       |       |     2 ||     2
         Stone             |       |       |     5 ||     5
   Cast: Lesser Beckoning  |       |     2 |     3 ||     5
         Blink             |       |     1 |     1 ||     2
         Momentum Strike   |       |       |     4 ||     4
         Wereblood         |       |       |     1 ||     1
    Use: Scroll            |       |     5 |     3 ||     8
         Potion            |       |     2 |       ||     2
   Stab: Sleeping          |     6 |    17 |     6 ||    29
         Distracted        |     1 |       |       ||     1
 Armour: Skin              |     6 |     1 |     4 ||    11
  Dodge: Dodged            |    25 |    43 |    82 ||   150

Table legend: (Time is in decaauts)
 A = Elapsed time spent in this place.
 B = Non-inter-level travel time spent in this place.
 C = Inter-level travel time spent in this place.
 D = Time resting spent in this place.
 E = Time spent auto-exploring this place.
 F = Levels seen in this place.
 G = Mean time per level.
                   A        B        C        D        E       F      G
               +--------+--------+--------+--------+--------+-----+--------+
         Total |   7272 |   6875 |    397 |      2 |   5600 |   8 |  909.0 |
       Dungeon |   6891 |   6650 |    241 |      2 |   5387 |   7 |  984.4 |
        Temple |    381 |    225 |    156 |      0 |    213 |   1 |  381.0 |
               +--------+--------+--------+--------+--------+-----+--------+

Top non-repeatable levels by time:
     D:2: 1700 daAuts
     D:5: 1378 daAuts
     D:6: 1336 daAuts
     D:4: 1190 daAuts
     D:3: 639 daAuts
     D:1: 574 daAuts
  Temple: 381 daAuts
     D:7: 71 daAuts
